 Dungeon Crawl Stone Soup version 0.17-a0-1430-g49fde19 (webtiles) character file.

233 urechis the Sneak (level 6, 0/32 HPs)
             Began as a Vine Stalker Monk on June 25, 2015.
             Succumbed to DrClinical's ghost's poison
             ... on level 3 of the Dungeon.
             The game lasted 00:08:22 (3117 turns).

urechis the Sneak (Vine Stalker Monk)               Turns: 3117, Time: 00:08:22

Health: 0/32       AC:  3    Str: 13    XL:     6   Next: 5%
Magic:  1/7        EV: 13    Int: 10    God:
Gold:   151        SH:  0    Dex: 19    Spells: 0 memorised, 5 levels left

rFire  . . .     SeeInvis .       - Unarmed
rCold  + + .     Clarity  .     t - +0 leather armour (curse)
rNeg   . . .     SustAt   .     (no shield)
rPois  .         Gourm    .     (no helmet)
rElec  .         Spirit   +     (no cloak)
rCorr  .         Warding  .     (no gloves)
rMut   .         Stasis   .     (no boots)
MR     .....                    (no amulet)
Stlth  +++.......               c - ring of protection from cold
                                i - ring of protection from cold

@: lethally poisoned (0 -> -9), not resistant to hostile enchantments, fairly
stealthy
A: fangs 2, regeneration 2, magic shield, antimagic bite, no device heal 3, rot
immunity
a: no special abilities


You were on level 3 of the Dungeon.
You were very hungry.

You visited 1 branch of the dungeon, and saw 4 of its levels.

You collected 151 gold pieces.

Inventory:

Armour
 t - a cursed +0 leather armour (worn)
Jewellery
 c - a ring of protection from cold (right hand)
 i - a ring of protection from cold (left hand)
 k - a +1 ring of evasion
 p - an uncursed ring of stealth
 r - an uncursed ring of protection from fire
Magical devices
 s - a wand of slowing (17)
Scrolls
 e - 2 scrolls of amnesia {unknown}
 g - a scroll of magic mapping {unknown}
 l - 5 scrolls of remove curse {unknown}
 m - 3 scrolls of identify {unknown}
 o - a scroll of fog {unknown}
Potions
 a - a potion of mutation {unknown}
 h - a potion of ambrosia {unknown}
 q - 2 potions of heal wounds
Comestibles
 b - 2 bread rations
 d - a slice of pizza
 j - 3 meat rations


   Skills:
 + Level 3.5 Fighting
 + Level 3.0 Dodging
 * Level 5.6 Stealth
 + Level 4.7 Unarmed Combat


You had 5 spell levels left.
You didn't know any spells.

Dungeon Overview and Level Annotations

Branches:
Dungeon (4/15)
 Temple: D:4-7

Altars:
Ashenzari
Cheibriados
Gozag
Kikubaaqudgha
Nemelex Xobeh
Sif Muna
Trog

Shops:
D:3 *

Annotations:
D:4 DrClinical's ghost, experienced GrIE


Innate Abilities, Weirdness & Mutations

You have extremely sharp teeth.
You heal very quickly.
When hurt, damage is shared between your health and your magic reserves.
Your bite disrupts and absorbs the magic of your enemies.
Potions and wands cannot restore your health.
You are immune to rotting.


Message History

You feel sick.
DrClinical's ghost gestures at you while chanting.
The puff of frost hits you! You resist.
* * * LOW HITPOINT WARNING * * *
Drink which item? (? for menu, Esc to quit)
It was a potion of heal wounds.
That seemed strangely inert.
* * * LOW HITPOINT WARNING * * *
You feel sick.
DrClinical's ghost falters for a moment.
* * * LOW HITPOINT WARNING * * *
You feel sick.
DrClinical's ghost casts a spell at you.
The puff of frost hits you! You resist.
* * * LOW HITPOINT WARNING * * *
You climb upwards.
The ghost fades into the shadows.
DrClinical's ghost disappears!
* * * LOW HITPOINT WARNING * * *
You feel sick.
There is a stone staircase leading down here.
You die...

###........####...##
##..>.........####.#
#.........###.####.##
#.........# #.......#
#.##...##.###.#####..
#.##...##.....# ##.
#.###.#####.### ##
#.###.# #[# # #.#.@.#
#.# # #.#.#######.# #
#.#.........# #
#.#..######## #
###.#..# #
#...#.)#####
#.###......## #.#
#..###..#### #.#
#..#.......#


There were no monsters in sight!

Vanquished Creatures
  Blork the orc (D:4)
  2 worker ants (D:4)
  A gnoll (D:3)
  An adder (D:3)
  An ooze (D:1)
  2 worms (D:2)
  2 giant geckos (D:4)
  An orc (D:3)
  2 ball pythons
  19 bats
  8 hobgoblins
  10 jackals
  4 quokkas
  5 giant cockroaches
  4 giant newts
  12 goblins
  10 kobolds
  4 rats
89 creatures vanquished.

Notes
Turn   | Place    | Note
--------------------------------------------------------------
     0 | D:1      | urechis the Vine Stalker Monk began the quest for the Orb.
     0 | D:1      | Reached XP level 1. HP: 11/11 MP: 2/2
   131 | D:1      | Reached XP level 2. HP: 13/16 MP: 3/3
   320 | D:1      | Reached XP level 3. HP: 13/19 MP: 2/4
   885 | D:2      | Found a faded altar to an unknown god.
  1401 | D:2      | Found a bloodstained altar of Trog.
  1638 | D:2      | Reached XP level 4. HP: 24/24 MP: 5/5
  1741 | D:2      | Found a deep blue altar of Sif Muna.
  1922 | D:3      | Found an ancient bone altar of Kikubaaqudgha.
  2001 | D:3      | Found a sparkling altar of Nemelex Xobeh.
  2150 | D:3      | Found a shattered altar of Ashenzari.
  2171 | D:3      | Found a snail-covered altar of Cheibriados.
  2258 | D:3      | Found an opulent altar of Gozag.
  2260 | D:3      | Found Gozag's Platinum Reserve.
  2544 | D:4      | Noticed Blork the orc
  2639 | D:4      | Killed Blork the orc
  2639 | D:4      | Reached skill level 5 in Stealth
  2639 | D:4      | Reached XP level 5. HP: 12/28 MP: 6/6
  2802 | D:4      | Gained mutation: You heal very quickly. [Vine Stalker growth]
  2802 | D:4      | Reached XP level 6. HP: 27/32 MP: 5/7
  2812 | D:4      | Noticed DrClinical's ghost (experienced GrIE)
  3035 | D:3      | HP: 1/32 [poisoned by DrClinical's ghost]
  3116 | D:3      | HP: 1/32 [poisoned by DrClinical's ghost]
  3117 | D:3      | Succumbed to DrClinical's ghost's poison

Vault maps used:
D:1:      lightli_arrival_statue_moat, dk_noncrumbling_3
D:2:      lemuel_blue_sif_altar, lightli_temple_of_fire, ecumenical_altar_2,
          hangedman_decor_points
D:3:      overflow_temple_1_default, lemuel_crystal_altar,
          cheibriados_altar_wand_db, nicolae_gozag_zags_fifth_avenue,
          nemelex_xobeh_ov_fountains_minmay
D:4:      zin_purify, first_bread, dk_yredelemnul_ordeal, uniq_menkaure,
          uniq_edmund, uniq_blork_the_orc, uniq_sigmund

Action                   |  1- 3 |  4- 6 || total
-------------------------+-------+-------++-------
Melee: Unarmed           |   121 |   157 ||   278
  Use: Potion            |       |     5 ||     5
 Stab: Sleeping          |    13 |     6 ||    19
       Distracted        |     2 |       ||     2
  Eat: Chunk             |     1 |     5 ||     6
